 Dungeon Crawl Stone Soup version 0.30.1 (webtiles) character file.

Game seed: 5067355389158405253

49 javelincjr the Caller (level 3, -2/24 HPs)
             Began as a Demonspawn Summoner on July 13, 2023.
             Slain by an orc priest
             ... wielding a +1 short sword of protection
              (4 damage)
             ... on level 2 of the Dungeon.
             The game lasted 00:07:54 (2279 turns).

javelincjr the Caller (Demonspawn Summoner)         Turns: 2279, Time: 00:07:57

Health: -2/24      AC:  2    Str:  8    XL:     3   Next: 51%
Magic:  0/6        EV: 12    Int: 18    God:
Gold:   101        SH:  0    Dex: 13    Spells: 3/6 levels left

rFire   . . .        c - +0 dagger
rCold   . . .        (no shield)
rNeg    . . .        a - +0 robe
rPois   .            (no helmet)
rElec   .            (no cloak)
rCorr   .            (no gloves)
SInv    .            (no boots)
Will    .....        (no amulet)
Stlth   ++           (no ring)
HPRegen 0.24/turn    (no ring)
MPRegen 0.10/turn

%: no passive effects
@: flying
A: claws 1, foul stench 1
a: no special abilities


You were on level 2 of the Dungeon.
You visited 1 branch of the dungeon, and saw 3 of its levels.

You collected 101 gold pieces.

Inventory:

Hand Weapons
 c - a +0 dagger (weapon)
 l - a +0 vampiric dagger
Missiles
 t - 2 poisoned darts
Armour
 a - a +0 robe (worn)
 m - a +1 leather armour of cold resistance
Magical Staves
 k - a staff of death
Jewellery
 h - an amulet of magic regeneration
Wands
 p - a wand of iceblast (8)
 q - a wand of charming (8)
Scrolls
 e - 3 scrolls of noise {unknown}
 g - a scroll of teleportation {unknown}
 i - a scroll of brand weapon {unknown}
 r - a scroll of magic mapping {unknown}
 s - 2 scrolls of fog {unknown}
 u - 2 scrolls of identify {unknown}
 v - a scroll of poison {unknown}
Potions
 b - a potion of magic
 f - a potion of curing
 j - a potion of brilliance {unknown}
 n - a potion of haste {unknown}
 o - a potion of lignification {unknown}


   Skills:
 + Level 2.3 Dodging
 + Level 2.4 Stealth
 + Level 2.4 Spellcasting
 + Level 4.3 Summonings


You had 3 spell levels left.
You knew the following spells:

 Your Spells              Type           Power      Damage    Failure   Level
a - Summon Small Mammal   Summ           68%        N/A       3%          1
b - Call Imp              Summ           34%        N/A       4%          2

Your spell library contained the following spells:

 Spells                   Type           Power      Damage    Failure   Level
 Call Canine Familiar     Summ           17%        N/A       9%          3
 Beastly Appendage        Tmut           4%         N/A       17%         1
 Summon Guardian Golem    Hex/Summ       10%        N/A       22%         3
 Wereblood                Tmut           2%         N/A       26%         2
 Spider Form              Tmut/Pois      2%         N/A       45%         3
 Summon Lightning Spire   Summ/Air       10%        N/A       56%         4


Dungeon Overview and Level Annotations

Branches:
Dungeon (3/15)

Altars:
Trog


Innate Abilities, Weirdness & Mutations

You have sharp fingernails.
You may rarely emit foul miasma when damaged in melee.


Message History

The orc priest completely misses you.
Your quokka closely misses the orc priest.
You climb upwards.
Your summoned allies are left behind.
Reactivating autopickup.
* * * LOW HITPOINT WARNING * * *
You feel very sick.
There is a stone staircase leading down here.
It was a potion of curing.
You feel better. The orc closely misses you.
The orc priest hits you with a +1 short sword of protection.
Casting: Summon Small Mammal (safe; 3% risk of failure)
Confirm with . or Enter, or press ? or * to list all spells.
A tiny devil pulls itself out of the air.
The orc hits you but does no damage. The orc priest closely misses you.
Casting: Call Imp (safe; 4% risk of failure)
Confirm with . or Enter, or press ? or * to list all spells.
The orc hits you with a +0 dagger.
* * * LOW HITPOINT WARNING * * *
The orc priest barely misses you.
Your cerulean imp misses the orc priest.
You hit the orc priest.
The orc priest is moderately wounded.
The orc misses you.
Your cerulean imp hits the orc priest with a -3 spear.
The orc priest closely misses you.
Your rat bites the orc but does no damage.
You hit the orc priest but do no damage.
The orc priest is heavily wounded.
The orc hits you with a +0 dagger.
* * * LOW HITPOINT WARNING * * *
Your cerulean imp hits the orc priest but does no damage.
The orc priest hits you with a +1 short sword of protection.
* * * LOW HITPOINT WARNING * * *
Your rat bites the orc but does no damage.
It was a potion of flight.
You feel very buoyant.
You fly up into the air.
The orc hits you with a +0 dagger.
* * * LOW HITPOINT WARNING * * *
Your cerulean imp closely misses the orc priest.
The orc priest hits you with a +1 short sword of protection.
You die...

############.# #.##.#
........## #.# #.##.#
.......#.# #.# #.##.#
...####.####.###.##.#
##.# #.............#
##.####.####.###.####
##......# #.# #5#
#######.####.###o#
#.......ro@#
#......##### ########


You could see an orc priest (ally target), an orc (ally target), a friendly
cerulean imp (summoned) and a friendly rat (summoned).

Vanquished Creatures
  An orc (D:3)
  2 bats
  An endoplasm (D:1)
  2 goblins (D:1)
  2 hobgoblins (D:1)
  A jackal (D:1)
  2 quokkas
  A ball python (D:1)
  A frilled lizard (D:2)
  A kobold (D:2)
  3 rats
17 creatures vanquished.

Vanquished Creatures (collateral kills)
  A dart slug (D:1)
  A ball python (D:2)
  4 bats
  An endoplasm (D:2)
  A giant cockroach (D:1)
  3 goblins
  2 hobgoblins (D:1)
  3 jackals
  A kobold (D:2)
  3 quokkas (D:1)
  A frilled lizard (D:2)
  A rat (D:1)
22 creatures vanquished.

Grand Total: 39 creatures vanquished

Notes
Turn   | Place    | Note
-------+----------+-------------------------------------------
     0 | D:1      | javelincjr the Demonspawn Summoner began the quest for the
                  | Orb.
     0 | D:1      | Reached XP level 1. HP: 13/13 MP: 3/3
   222 | D:1      | Gained mutation: You have sharp fingernails. [demonic
                  | ancestry]
   222 | D:1      | Reached XP level 2. HP: 19/19 MP: 1/5
   225 | D:1      | Learned a level 2 spell: Call Imp
   972 | D:1      | Gained mutation: You may rarely emit foul miasma when
                  | damaged in melee. [demonic ancestry]
   972 | D:1      | Reached XP level 3. HP: 13/24 MP: 2/6
  1527 | D:2      | Found a bloodstained altar of Trog.
  2279 | D:2      | Slain by an orc priest

Illustrated notes

Levels and vault maps discovered:
D:1:      denvon_arrival_planthouse, layout_loops_corners, minmay_pentomino_s4
D:2:      kennysheep_big_flooded_room, layout_loops_ring, basic_altar
D:3:      layout_rooms, ebering_ghost_disaster_area, serial_bayou,
          serial_bayou_lagoon_b, serial_bayou_pond_d, serial_bayou_pond_e,
          serial_bayou_pond_e, uniq_jessica

Skill      XL: |  1 |
---------------+----+-----
Stealth        | 2 |  2.4
Dodging        | 2 |  2.3
Spellcasting   | |  2.4
Summonings     | |  4.3

Action                     || total
---------------------------++-------
  Melee: Dagger            ||    98
         Punch             ||     2
   Cast: Summon Small Mamm ||    28
         Call Imp          ||    17
    Use: Potion            ||     2
   Stab: Distracted        ||     2
         Sleeping          ||     1
 Armour: Robe              ||    17
  Dodge: Dodged            ||    89
